 Dungeon Crawl Stone Soup version 0.29-a0-352-g0917bc69df (webtiles) character file.

Game seed: 14525958767974133905

4 spaghetti the Firebug (level 1, 0/13 HPs)
             Began as a Gnoll Wanderer on Apr 24, 2022.
             Slain by a hobgoblin (1 damage)
             ... on level 1 of the Dungeon.
             The game lasted 00:00:57 (162 turns).

spaghetti the Firebug (Gnoll Wanderer)               Turns: 162, Time: 00:00:57

Health: 0/13       AC:  2    Str:  9    XL:     1   Next: 60%
Magic:  4/4        EV: 11    Int: 15    God:
Gold:   15         SH:  4    Dex:  9    Spells: 5/5 levels left

rFire   . . .      SeeInvis .   a - +0 club {mace}
rCold   . . .      Faith    .   e - +0 buckler
rNeg    . . .      Spirit   .   d - +0 robe
rPois   .          Reflect  .   (no helmet)
rElec   .          Harm     .   (no cloak)
rCorr   .          Rampage  .   (no gloves)
Will    .....                   (no boots)
Stlth   +.........              (no amulet)
HPRegen 0.04/turn               (no ring)
MPRegen 0.09/turn               (no ring)

@: no status effects
A: fangs 1, strong nose, distributed training
a: no special abilities


You were on level 1 of the Dungeon.
You visited 1 branch of the dungeon, and saw 1 of its levels.

You collected 15 gold pieces.


Innate Abilities, Weirdness & Mutations

You have very sharp teeth.
Your uncanny sense of smell can sniff out nearby items.
Your experience applies equally to all skills.


   Skills:
 + Level 0.1 Fighting
 + Level 0.1 Short Blades
 + Level 0.1 Long Blades
 + Level 0.1 Axes
 + Level 0.1 Maces & Flails
 + Level 0.1 Polearms
 + Level 0.1 Staves
 + Level 0.1 Slings
 + Level 0.1 Bows
 + Level 0.1 Crossbows
 + Level 0.1 Throwing
 + Level 0.1 Armour
 + Level 2.4 Dodging
 + Level 0.1 Stealth
 + Level 2.4 Shields
 + Level 0.1 Unarmed Combat
 + Level 2.6 Spellcasting
 + Level 0.1 Conjurations
 + Level 0.1 Hexes
 + Level 0.1 Summonings
 + Level 0.1 Necromancy
 + Level 0.1 Translocations
 + Level 0.1 Transmutations
 + Level 7.0 Fire Magic
 + Level 0.1 Ice Magic
 + Level 0.1 Air Magic
 + Level 2.0 Earth Magic
 + Level 0.1 Poison Magic
 + Level 2.4 Invocations
 + Level 2.4 Evocations


You had 5 spell levels left.
You didn't know any spells.
Your spell library contained the following spells:

 Spells                   Type           Power      Damage    Failure   Level
 Scorch                   Fire           46%        2d7       2%          2
 Foxfire                  Conj/Fire      48%        2x1d6     6%          1
 Sandblast                Erth           14%        2d6       12%         1
 Conjure Flame            Conj/Fire      12%        6-21      19%         3
 Stone Arrow              Conj/Erth      10%        3d7       47%         3
 Tukima's Dance           Hex            2%         N/A       61%         3
 Anguish                  Hex/Necr       1%         N/A       95%         4
 Enfeeble                 Hex            1%         N/A       100%        7

Inventory:

Hand Weapons
 a - a +0 club (weapon) {mace}
Missiles
 c - 30 stones (quivered) {throwing}
Armour
 d - a +0 robe (worn)
 e - a +0 buckler (worn)

Dungeon Overview and Level Annotations

Branches:
Dungeon (1/15)

Altars:

#.. #.. . #.. ..
############.. ...
#............. (..?
#....[........ ....(
#.............
......#####.............
......g@..'.............
......#####.............
..... ##############
.... ### ########
#....... #.......
+.......


You could see a hobgoblin.


Message History

You are too injured to fight recklessly!
You are too injured to fight recklessly!
You are too injured to fight recklessly!
You are too injured to fight recklessly!
You are too injured to fight recklessly!
Unknown command.
You hit the jackal. The jackal bites you. 😕 HP[-1]
You take 1 damage, and now have 11/13 hp.
You hit the jackal but do no damage. The jackal bites you.
You block the jackal's attack. 😮 HP[-2]
You take 2 damage, and now have 9/13 hp.
You barely miss the jackal. The jackal misses you.
The jackal bites you. 😮 HP[-1]
You take 1 damage, and now have 8/13 hp.
You hit the jackal but do no damage. You block the jackal's attack.
The jackal bites you but does no damage.
You miss the jackal. The jackal misses you. You block the jackal's attack.
You closely miss the jackal. The jackal bites you.
* * * LOW HITPOINT WARNING * * *
The jackal bites you but does no damage. 😨 HP[-2]
You take 2 damage, and now have 6/13 hp.
You barely miss the jackal. The jackal bites you.
* * * LOW HITPOINT WARNING * * *
The jackal bites you.
* * * LOW HITPOINT WARNING * * *
😱 HP[-4]
You take 4 damage, and now have 2/13 hp.
MASSIVE DAMAGE!! (PAUSE)
You feel better. The jackal closely misses you. 😕 HP[+9]
You regained 9 hp, and now have 11/13 hp.
You aren't carrying any scrolls.
Unknown command.
You hit the jackal but do no damage. Your bite misses the jackal.
You block the jackal's attack. The jackal barely misses you.
You closely miss the jackal.
The jackal bites you but does no damage.
The jackal barely misses you.
You barely miss the jackal. The jackal closely misses you.
The jackal bites you. 😮 HP[-2]
You take 2 damage, and now have 9/13 hp.
You hit the jackal.
You kill the jackal!
The jackal misses you.
You hit the jackal. The jackal barely misses you.
You don't know any spells.
You aren't carrying any scrolls.
You aren't carrying any items that you can evoke.
You don't know any spells.
Okay, then.
You barely miss the jackal. You block the jackal's attack.
The jackal barely misses you.
You barely miss the jackal. You bite the jackal, but do no damage.
You block the jackal's attack. The jackal misses you.
You hit the jackal. You block the jackal's attack.
The jackal barely misses you.
You miss the jackal. The jackal bites you.
The jackal bites you but does no damage. 😮 HP[-1]
You take 1 damage, and now have 8/13 hp.
You hit the jackal. You bite the jackal, but do no damage.
The jackal barely misses you. The jackal misses you.
You hit the jackal but do no damage. The jackal barely misses you.
The jackal bites you.
* * * LOW HITPOINT WARNING * * *
😨 HP[-2]
You take 2 damage, and now have 6/13 hp.
You closely miss the jackal. The jackal barely misses you.
The jackal bites you but does no damage.
You barely miss the jackal. The jackal misses you.
You aren't carrying any potions.
You hit the jackal. The jackal bites you.
* * * LOW HITPOINT WARNING * * *
The jackal closely misses you. 😨 HP[-2]
You take 2 damage, and now have 4/13 hp.
You hit the jackal.
You kill the jackal!
The hobgoblin closely misses you.
Your Earth Magic skill increases to level 2!
You hit the hobgoblin.
You bite the hobgoblin, but do no damage.
The hobgoblin hits you.
* * * LOW HITPOINT WARNING * * *
😱 HP[-3]
You take 3 damage, and now have 1/13 hp.
MASSIVE DAMAGE!! (PAUSE)
You aren't carrying any scrolls.
You aren't carrying any items that you can evoke.
Okay, then.
Unknown command.
You hit the hobgoblin but do no damage.
The hobgoblin hits you but does no damage.
The hobgoblin closely misses you.
You barely miss the hobgoblin. The hobgoblin hits you.
You die...

Skill      XL: |  1 |
---------------+----+-----
Earth Magic    | 2 |  2.0
Fighting       | |  0.1
Short Blades   | |  0.1
Long Blades    | |  0.1
Axes           | |  0.1
Maces & Flails | |  0.1
Polearms       | |  0.1
Staves         | |  0.1
Slings         | |  0.1
Bows           | |  0.1
Crossbows      | |  0.1
Throwing       | |  0.1
Armour         | |  0.1
Dodging        | |  2.4
Stealth        | |  0.1
Shields        | |  2.4
Unarmed Combat | |  0.1
Spellcasting   | |  2.6
Conjurations   | |  0.1
Hexes          | |  0.1
Summonings     | |  0.1
Necromancy     | |  0.1
Translocations | |  0.1
Transmutations | |  0.1
Fire Magic     | |  7.0
Ice Magic      | |  0.1
Air Magic      | |  0.1
Poison Magic   | |  0.1
Invocations    | |  2.4
Evocations     | |  2.4

Action                   || total
-------------------------++-------
Melee: Club              ||    30
       Bite              ||     3
Throw: Stone             ||     7
  Use: Potion            ||     1
Armor: Robe              ||     7
Dodge: Dodged            ||    22
Block: Buckler           ||     8

Levels and vault maps discovered:
D:1:      ebering_hopf_link, layout_basic, dreamdust_ecumenical_altar_grove,
          lemuel_flame_loot_1

Notes
Turn   | Place    | Note
-------+----------+-------------------------------------------
     0 | D:1      | spaghetti the Gnoll Wanderer began the quest for the Orb.
     0 | D:1      | spaghetti set off with the following items: a +0 club
                  | {mace}, a potion of curing {@q1}, 32 stones {throwing}, a
                  | +0 robe, a +0 buckler; and the following spells available
                  | to memorise: Scorch, Foxfire, Sandblast, Conjure Flame,
                  | Stone Arrow
     0 | D:1      | Reached XP level 1. HP: 13/13 MP: 4/4
     0 | D:1      | magus.rc [v1.9.6]
     7 | D:1      | You pick up a book of Maledictions and begin reading...
     7 | D:1      | You add the spells Tukima's Dance, Anguish and Enfeeble to
                  | your library.
   143 | D:1      | HP: 3/13 [jackal (3)]
   160 | D:1      | Reached skill level 2 in Earth Magic
   160 | D:1      | HP: 1/13 [hobgoblin (3)]
   162 | D:1      | Slain by a hobgoblin

Vanquished Creatures
  2 jackals (D:1)
  A ball python (D:1)
  A rat (D:1)
4 creatures vanquished.

Table legend:
 A = Non-vault XP
 B = Vault XP
 C = Vault XP percentage of total XP
 D = Non-vault monster count
 E = Vault monster count
 F = Vault count percentage of total count
                 A         B        C        D         E       F
            +---------+---------+-------+---------+---------+-------
      Total |       6 |       0 |   0.0 |       4 |       0 |   0.0
            +---------+---------+-------+---------+---------+-------
        D:1 |       6 |       0 |   0.0 |       4 |       0 |   0.0
            +---------+---------+-------+---------+---------+-------

Illustrated notes

Table legend:
 A = Kills in this place as a percentage of kills in entire the game.
 B = Kills by you in this place as a percentage of kills by you in the entire game.
 C = Kills by friends in this place as a percentage of kills by friends in the entire game.
 D = Other kills in this place as a percentage of other kills in the entire game.
 E = Experience gained in this place as a percentage of experience gained in the entire game.
 F = Experience gained in this place divided by the number of levels of this place that you have seen.
                   A       B       C       D       E      F
               +-------+-------+-------+-------+-------+----------------------
         Total | 100.0 | 100.0 |   N/A |   N/A | 100.0 |   6.0
       Dungeon | 100.0 | 100.0 |   N/A |   N/A | 100.0 |   6.0
               +-------+-------+-------+-------+-------+----------------------

Table legend: (Time is in decaauts)
 A = Elapsed time spent in this place.
 B = Non-inter-level travel time spent in this place.
 C = Inter-level travel time spent in this place.
 D = Time resting spent in this place.
 E = Time spent auto-exploring this place.
 F = Levels seen in this place.
 G = Mean time per level.
                   A        B        C        D        E       F      G
               +--------+--------+--------+--------+--------+-----+--------+
         Total |    173 |    173 |      0 |     54 |     63 |   1 |  173.0 |
       Dungeon |    173 |    173 |      0 |     54 |     63 |   1 |  173.0 |
               +--------+--------+--------+--------+--------+-----+--------+

Top non-repeatable levels by time:
     D:1: 173 daAuts
